 Dungeon Sprint DCSS version 0.19-a0-1827-g174f941 (webtiles) character file.

2300000 Theye the Conqueror (level 17, -46/139 HPs)
             Began as a Gargoyle Chaos Knight on Oct 7, 2016.
             Was a Priest of Makhleb.
             Killed from afar by a large bag of meat (55 damage)
             ... with an exploding inner flame
             ... in the Dungeon (Sprint VIII: "Arena of Blood").
             The game lasted 00:00:35 (23 turns).

Theye the Conqueror (Gargoyle Chaos Knight)           Turns: 23, Time: 00:00:36

Health: -46/139    AC: 21    Str: 18    XL:     17   Next: 42%
Magic:  17/17      EV: 22    Int: 13    God:    Makhleb [***...]
Gold:   0          SH:  0    Dex: 14    Spells: 0 memorised, 16 levels left

rFire  . . .     SeeInvis .     j - +∞ Axe of Woe
rCold  . . .     Gourm    .     b - +2 leather armour
rNeg   + . .     Faith    .     (shield currently unavailable)
rPois  ∞         Spirit   .     (no helmet)
rElec  +         Dismiss  .     (no cloak)
rCorr  .         Reflect  .     (no gloves)
MR     +....     Harm     .     (no boots)
Stlth  +......... NoTele   +    (no amulet)
                                (no ring)
                                (no ring)

@: no status effects
A: big wings, negative energy resistance 1, electricity resistance, unbreathing,
petrification resistance, rot immunity, AC +12
a: Fly, Minor Destruction, Lesser Servant of Makhleb, Renounce Religion


You were in the Dungeon.
You worshipped Makhleb.
Makhleb was most pleased with you.
You were not hungry.

You visited 1 branch

Inventory:

Hand Weapons
 a - a +0 hand axe of chaos
 j - the +∞ Axe of Woe (weapon)
   (You found it in the Dungeon)
Armour
 b - a +2 leather armour (worn)
Scrolls
 i - a scroll of blinking
Potions
 d - a potion of curing
 e - a potion of heal wounds
 f - a potion of haste
 g - 2 potions of magic
 h - a potion of berserk rage
Comestibles
 c - a bread ration


   Skills:
 O Level 27 Fighting
 O Level 27 Axes
 O Level 27 Armour
 + Level 16.0 Dodging


You had 16 spell levels left.
You didn't know any spells.

Dungeon Overview and Level Annotations

Branches:
Dungeon (1/1)

Altars:
Makhleb


Innate Abilities, Weirdness & Mutations

You are resistant to torment.
Your stone body is resilient. (AC +12)
You are immune to poison.
Your large and strong wings let you fly indefinitely.
You resist negative energy. (rN+)
You are resistant to electric shocks. (rElec)
You can survive without breathing.
You are immune to petrification.
You are immune to rotting.


Message History

You hear a shout! x5
The large bag of meat shouts!
You hear a shout! x10
A bag of meat comes into view. It is wielding a +9 war axe.
The bag of meat shouts!
You hear a shout! x4
The large bag of meat hits you with a +9 giant spiked club!!!!
Ouch! That really hurt!
* * * LOW HITPOINT WARNING * * *
You hear a shout!
The destroyer appears out of thin air!
A destroyer comes into view.
It is wielding a +9 great sword of slicing.
The destroyer shouts!
You hear a shout!
An orc and an ogre come into view.
Things that are here:
a +9 war axe; a +30 ring of slaying; a bag of meat corpse Unknown command.
You slice the large bag of meat!!
You butcher the large bag of meat messily.
The large bag of meat explodes!
The fiery explosion engulfs you!
You die...

.. ..... #.
...# #.. ...# .
.###.. ...###.o
......###..V...
......_.....
#.§.o)# #_§§@_#
#.§§o)#
......_o....
......###......
.###.. ...###..
#.. ...# O #.
...# .. .....


You could see a destroyer, a meat berserker (berserk) and 4 bags of meat.

Vanquished Creatures
  2 ogres (D)
  7 orcs (D)
9 creatures vanquished.

Notes
Turn   | Place    | Note
-------+----------+-------------------------------------------
     0 | D        | Theye the Gargoyle Chaos Knight began the quest for the Orb.
     0 | D        | Reached XP level 1. HP: 14/14 MP: 1/1
     3 | D        | Noticed a bag of meat
     4 | D        | Noticed a bag of meat
     4 | D        | Fell from the grace of Xom
     4 | D        | Became a worshipper of Makhleb the Destroyer
     5 | D        | Noticed a bag of meat
     6 | D        | Noticed a bag of meat
     7 | D        | Noticed a bag of meat
     9 | D        | Noticed a bag of meat
     9 | D        | Killed a bag of meat
     9 | D        | Reached XP level 2. HP: 40/40 MP: 2/2
     9 | D        | Reached XP level 3. HP: 46/46 MP: 3/3
     9 | D        | Reached XP level 4. HP: 52/52 MP: 4/4
     9 | D        | Reached XP level 5. HP: 57/57 MP: 5/5
     9 | D        | Reached XP level 6. HP: 63/63 MP: 6/6
     9 | D        | Reached XP level 7. HP: 68/68 MP: 7/7
     9 | D        | Reached XP level 8. HP: 74/74 MP: 8/8
     9 | D        | Reached XP level 9. HP: 79/79 MP: 9/9
     9 | D        | Reached XP level 10. HP: 85/85 MP: 10/10
     9 | D        | Reached XP level 11. HP: 90/90 MP: 11/11
     9 | D        | Reached XP level 12. HP: 96/96 MP: 12/12
    10 | D        | Noticed a bag of meat
    10 | D        | Killed a bag of meat
    10 | D        | Reached * piety under Makhleb
    10 | D        | Reached XP level 13. HP: 105/105 MP: 13/13
    10 | D        | Killed a bag of meat
    10 | D        | Gained mutation: Your large and strong wings let you fly indefinitely. [Gargoyle growth]
    10 | D        | Reached XP level 14. HP: 116/116 MP: 14/14
    11 | D        | Noticed a meat berserker
    11 | D        | Killed a bag of meat
    11 | D        | Reached skill level 15 in Armour
    12 | D        | Killed a bag of meat
    12 | D        | Reached ** piety under Makhleb
    12 | D        | Reached XP level 15. HP: 126/126 MP: 15/15
    13 | D        | Reached skill level 27 in Fighting
    14 | D        | Noticed a meat berserker
    14 | D        | Reached skill level 27 in Axes
    14 | D        | Reached XP level 16. HP: 133/133 MP: 16/16
    16 | D        | Killed a meat berserker
    19 | D        | Killed a meat berserker
    19 | D        | Reached *** piety under Makhleb
    19 | D        | Reached skill level 27 in Armour
    19 | D        | Reached XP level 17. HP: 139/139 MP: 17/17
    21 | D        | Noticed a large bag of meat
    22 | D        | Noticed a destroyer
    23 | D        | Noticed a meat berserker
    23 | D        | Killed a large bag of meat
    23 | D        | Killed from afar by a large bag of meat

Vault maps used:
D:        meatsprint

Skill      XL: |  1  2  3  4  5  6  7  8  9 10 11 12 13 14 15 16 |
---------------+-------------------------------------------------+-----
Fighting       | 19 22 24 26 27 | 27.0
Axes           | 17 19 21 24 27 | 27.0
Armour         | 11 13 14 16 18 27 | 27.0
Dodging        | 2 3 4 16 | 16.0

Action                   |  1- 3 |  4- 6 |  7- 9 | 10-12 | 13-15 | 16-18 || total
-------------------------+-------+-------+-------+-------+-------+-------++-------
Melee: Executioner's axe |     1 |       |       |     1 |     4 |     3 ||     9
Dodge: Dodged            |       |       |       |       |       |     1 ||     1
